 Dungeon Crawl Stone Soup version 0.28.0 (webtiles) character file.

Game seed: 16632978118552870034

41 crazypyro the Ruffian (level 3, -4/33 HPs)
             Began as a Ghoul Monk on Feb 10, 2022.
             Slain by a gnoll (5 damage)
             ... on level 2 of the Dungeon.
             The game lasted 00:00:56 (1046 turns).

crazypyro the Ruffian (Ghoul Monk)                  Turns: 1046, Time: 00:00:57

Health: -4/33      AC:  3    Str: 14    XL:     3   Next: 52%
Magic:  2/2        EV: 12    Int:  5    God:
Gold:   37         SH:  0    Dex: 13    Spells: 2/2 levels left

rFire   . . .      SeeInvis .     - Unarmed
rCold   + . .      Faith    .   (no shield)
rNeg    + + +      Spirit   .   a - +0 robe
rPois   ∞          Reflect  .   (no helmet)
rElec   .          Harm     .   f - +0 cloak
rCorr   .          Rampage  .   (no gloves)
Will    .....                   (no boots)
Stlth   ++........              (no amulet)
HPRegen 0.00/turn               (no ring)
MPRegen 0.08/turn               (no ring)

@: inhibited regen
A: claws 1, cold resistance 1, negative energy resistance 3, inhibited
regeneration, torment resistance 2
a: no special abilities


You were on level 2 of the Dungeon.
You visited 1 branch of the dungeon, and saw 2 of its levels.

You collected 37 gold pieces.

Inventory:

Armour
 a - a +0 robe (worn)
 f - a +0 cloak (worn)
Scrolls
 b - a scroll of fog {unknown}
 c - 2 scrolls of magic mapping {unknown}
 d - a scroll of noise {unknown}
 e - a scroll of fear {unknown}
Potions
 g - a potion of resistance {unknown}


   Skills:
 + Level 3.7 Fighting
 + Level 0.6 Armour
 + Level 3.0 Dodging
 - Level 2.5 Stealth
 * Level 3.9 Unarmed Combat


You had 2 spell levels left.
You didn't know any spells.
Your spell library contained the following spells:

 Spells                   Type           Power      Damage    Failure   Level
 Magic Dart               Conj           0%         1d3       47%         1
 Searing Ray              Conj           0%         2d4       63%         2
 Fulminant Prism          Conj/Hex       0%         3d6       99%         4


Dungeon Overview and Level Annotations

Branches:
Dungeon (2/15)

Altars:


Innate Abilities, Weirdness & Mutations

You thrive by killing the living.
You are immune to poison.
You have sharp fingernails.
Your flesh is cold resistant. (rC+)
You are immune to negative energy. (rN+++)
You do not regenerate when monsters are visible.
You are immune to unholy pain and torment.


Message History

The adder is severely wounded.
The adder bites you. The adder closely misses you.
You are too injured to fight recklessly!
You scratch the adder.
You kill the adder!
Your Dodging skill increases to level 3!
You have reached level 3!
Your experience leads to an increase in your attributes!
Increase (S)trength, (I)ntelligence, or (D)exterity?
You feel agile. x2
HP restored.
Found a stone staircase leading down.
There is a stone staircase leading down here. 2 gnolls come into view.
There are monsters nearby!
There are monsters nearby!
The gnoll shouts! x2
The gnoll throws a throwing net.
The throwing net closely misses you.
A gnoll comes into view. It is wielding a +0 flail.
A gnoll comes into view. It is wielding a +0 spear.
You see here a throwing net.
The gnoll hits you from afar with a +0 halberd.
The gnoll misses you.
You barely miss the gnoll. The gnoll closely misses you.
You scratch the gnoll.
The gnoll is moderately wounded.
The gnoll closely misses you.
You scratch the gnoll but do no damage.
The gnoll is moderately wounded.
The gnoll hits you with a +0 halberd!
You scratch the gnoll.
The gnoll is heavily wounded.
The gnoll hits you with a +0 halberd!
* * * LOW HITPOINT WARNING * * *
You scratch the gnoll.
You kill the gnoll!
You scratch the gnoll.
The gnoll is heavily wounded.
The gnoll hits you with a +0 club.
You die...

........#
.......#
gg....# .g...
.... ..# #.# ##
#.###### .#
#.(g@..####.###
######.#......#
#.#......#
#>#.<†...#
#........#
###......#
#......#
#......#
#......#


You could see a gnoll.

Vanquished Creatures
  An adder (D:2)
  A gnoll (D:2)
  3 endoplasms (D:1)
  2 giant cockroaches (D:1)
  3 jackals (D:1)
  2 quokkas (D:1)
  A ball python (D:1)
  2 frilled lizards (D:1)
  4 goblins (D:1)
  2 rats (D:1)
21 creatures vanquished.

Notes
Turn   | Place    | Note
-------+----------+-------------------------------------------
     0 | D:1      | crazypyro the Ghoul Monk began the quest for the Orb.
     0 | D:1      | Reached XP level 1. HP: 19/19 MP: 0/0
    71 | D:1      | Reached XP level 2. HP: 26/26 MP: 1/1
   118 | D:1      | Found a faded altar of an unknown god.
   857 | D:2      | Reached XP level 3. HP: 14/31 MP: 2/2
  1044 | D:2      | HP: 1/31 [gnoll (13)]
  1046 | D:2      | Slain by a gnoll

Illustrated notes

Levels and vault maps discovered:
D:1:      dpeg_arrival_short_road, layout_loops_ring,
          chequers_ecumenical_altar_island, minivault_27,
          chequers_serial_rivers_room_a, nicolae_concentric_dashed_squares_mild
D:2:      layout_rooms

Skill      XL: |  1  2 |
---------------+-------+-----
Dodging        | 3 |  3.0
Fighting       | |  3.7
Armour         | |  0.6
Stealth        | |  2.5
Unarmed Combat | |  3.9

Action                   || total
-------------------------++-------
Melee: Unarmed           ||    68
       Punch             ||     2
 Stab: Sleeping          ||     2
Armor: Robe              ||     6
Dodge: Dodged            ||    34
